 Dungeon Crawl Stone Soup version 0.27-a0-1319-geec4fb4 (webtiles) character file.

Game seed: 11881499396663345113

3185 HDogLeCool the Cleaver (level 9, -3/75 HPs)
             Began as a Demonspawn Berserker on June 21, 2021.
             Was a High Priest of Trog.
             Hit by a javelin thrown by an orc warrior (14 damage)
             ... on level 7 of the Dungeon.
             The game lasted 00:24:06 (9517 turns).

HDogLeCool the Cleaver (Demonspawn Berserker)       Turns: 9517, Time: 00:24:06

Health: -3/75      AC: 17    Str: 26    XL:     9   Next: 64%
Magic:  9/9        EV:  6    Int:  9    God:    Trog [*****.]
Gold:   338        SH: 17    Dex: 13    Spells: 8/8 levels left

rFire    . . .     SeeInvis .   y - +1 war axe (elec)
rCold    . . .     Faith    .   n - +1 kite shield
rNeg     . . .     Spirit   .   H - +0 plate armour
rPois    .         Reflect  +   (no helmet)
rElec    .         Harm     .   (no cloak)
rCorr    .         Rampage  .   (no gloves)
Will     .....                  (no boots)
Stlth    ..........             t - amulet of reflection
HPRegen  0.22/turn              A - +4 ring of protection
MPRegen  0.11/turn              s - +6 ring of strength

@: lethally poisoned (-3 -> -17)
A: rugged brown scales 2, demonic guardian 2, ignite blood 1
a: Renounce Religion, Berserk, Trog's Hand, Brothers in Arms


You were on level 7 of the Dungeon.
You worshipped Trog.
Trog was extremely pleased with you.
You visited 1 branch of the dungeon, and saw 7 of its levels.
You also visited: Ossuary.

You collected 338 gold pieces.

Inventory:

Hand Weapons
 a - the +6 quarterstaff of Roakkiuff {vorpal, rPois rC+ Will+ Str-3 SInv}
   (You found it on level 6 of the Dungeon)

   It inflicts extra damage upon your enemies.
   It affects your strength (-3).
   It protects you from cold.
   It protects you from poison.
   It lets you see invisible.
   It increases your willpower.
 k - the +10 dagger of Huejor {vorpal, *Slow Will+ Str-2 Dex+8}
   (Trog gifted it to you on level 7 of the Dungeon)

   It inflicts extra damage upon your enemies.
   It affects your strength (-2).
   It affects your dexterity (+8).
   It may slow you when you take damage.
   It increases your willpower.
 y - a +1 war axe of electrocution (weapon)
Armour
 n - a +1 kite shield (worn)
 H - a +0 plate armour (worn)
 K - the +1 ring mail of Dice, Bag, and Bottle {rC- Regen+ Str+4}
   (You took it off a gnoll on level 5 of the Dungeon)

   It affects your strength (+4).
   It makes you vulnerable to cold.
   It increases your rate of health regeneration.
Jewellery
 j - a ring of resist corrosion
 o - a ring of protection from cold
 s - a +6 ring of strength (right hand)
 t - an amulet of reflection (around neck)
 u - the ring "Kacaoh" {Ice +Blink rElec Will+++ Str-3 Int-3}
   (You acquired it on level 6 of the Dungeon)

   [ring of ice]

   It enhances your ice magic.
   It affects your strength (-3).
   It affects your intelligence (-3).
   It makes you vulnerable to fire.
   It protects you from cold.
   It insulates you from electricity.
   It lets you blink.
   It greatly increases your willpower.
 A - a +4 ring of protection (left hand)
Wands
 h - a wand of flame (9)
 r - a wand of mindburst (13)
 x - a wand of polymorph (2)
Scrolls
 c - a scroll of enchant weapon
 d - 2 scrolls of noise
 i - 3 scrolls of teleportation
 l - 3 scrolls of enchant armour
 q - a scroll of blinking
 w - a scroll of fear
 z - 2 scrolls of brand weapon
 C - a scroll of acquirement
 E - a scroll of vulnerability
 I - 2 scrolls of amnesia
Potions
 b - 2 potions of resistance
 e - 2 potions of lignification
 f - a potion of berserk rage
 g - 2 potions of attraction
 m - 3 potions of ambrosia
 p - 2 potions of heal wounds
 v - 3 potions of degeneration
 B - a potion of magic {unknown}
 D - a potion of brilliance {unknown}
 F - 2 potions of might {unknown}
 G - a potion of haste {unknown}
 J - a potion of mutation {unknown}


   Skills:
 + Level 7.1 Fighting
 * Level 8.2 Axes
 - Level 3.2 Armour
 - Level 2.7 Dodging
 * Level 6.9 Shields


You had 8 spell levels left.
You didn't know any spells.
Your spell library was empty.

Dungeon Overview and Level Annotations

Branches:
Dungeon (7/15)             Temple (0/1) D:5         Ossuary (visited)

Altars:
Ashenzari
Cheibriados
Elyvilon
Fedhas
Yredelemnul
Zin

Shops:
D:3 (

Annotations:
D:3 2 transporters, yodipie's ghost, novice BaFi


Innate Abilities, Weirdness & Mutations

You are mostly covered in rugged brown scales. (AC +2, +5% HP)
A demonic guardian rushes to your aid.
Your demonic aura sometimes causes spilled blood to erupt in flames.


Message History

You feel very sick. You block the orc warrior's attack.
The white imp spits at you. Something hits you.
You are more poisoned.
The orc warrior hits you from afar with a +0 trident.
You miss something.
You feel extremely sick. The white imp gestures at you.
The puff of frost hits you but does no damage.
You hear a sizzling sound!
Something hits you but does no damage.
You are more poisoned.
You block the orc warrior's attack. The white imp gestures at you.
The puff of frost hits something.
Reactivating autopickup.
You feel a bit more experienced.
You feel very sick.
The orc warrior hits you with a +0 trident!
The white imp gestures at you. The puff of frost hits you.
* * * LOW HITPOINT WARNING * * *
You hear a sizzling sound!
Things that are here:
a +2 dagger of venom; a +0 robe You swap places.
* * * LOW HITPOINT WARNING * * *
You feel very sick.
The orc warrior hits you from afar with a +0 trident.
* * * LOW HITPOINT WARNING * * *
Your rust devil hits the orc warrior.
Your rust devil corrodes the orc warrior!
The white imp hits your rust devil but does no damage.
* * * LOW HITPOINT WARNING * * *
You feel very sick.
The orc warrior throws a javelin.
The javelin completely misses your rust devil.
The javelin pierces through you!
You die...

##.≈P≈...# .# #.#
.P≈≈≈≈..# ##..#>.#
#.≈≈≈≈..###.##.#.#
.≈P.......<..;≈♣
.o.$..#..##♣≈≈P♣
..# #o5......
≈≈≈≈≈P♣ ..#
#4#####.♣ ♣♣P≈≈≈P♣
#.# #.# ##.≈
≈≈≈♣≈≈♣ #.# #@#
.... ≈≈≈P≈≈≈
#.###.#..##
≈≈≈≈≈♣≈ #
#.........# ♣≈≈P≈♣
≈
.###.##.##....#.#
..........#.#.#
####.##.##...## #.
#.###.....P
####.##......###♣
.....#...###.#.


You could see an orc warrior (corroded), a white imp (ally target), an orc and a
friendly rust devil (summoned).

Vanquished Creatures
  Sigmund (D:4)
  Eustachio (D:5)
  Menkaure (D:4)
  Edmund (D:5)
  A water moccasin (D:4)
  An ice beast (D:6)
  3 ogres
  4 necrophages
  3 centaurs
  A phantom (D:4)
  2 felids (D:1)
  A scorpion (D:7)
  A gnoll sergeant (D:5)
  An elf skeleton (D:6)
  3 electric eels (D:7)
  A centaur zombie (D:5)
  2 human zombies (D:6)
  2 centaur skeletons
  A human skeleton (D:6)
  3 hounds
  2 bullfrog skeletons
  5 iguanas
  Terence (D:3)
  Jessica (D:2)
  An orc wizard (D:7)
  A hound zombie (D:5)
  5 mummies
  19 gnolls
  A howler monkey skeleton (D:5)
  6 adders
  3 shadow imps
  A white imp (D:7)
  2 ufetubi
  2 adder zombies (D:4)
  A dart slug (D:1)
  13 orcs
  5 ball pythons
  3 bats
  6 endoplasms
  3 giant cockroaches
  5 goblins
  5 hobgoblins
  4 jackals (D:2)
  6 kobolds
  A quokka (D:3)
  2 frilled lizards (D:3)
  2 gnoll skeletons (Ossuary)
  4 gnoll zombies (Ossuary)
  6 goblin skeletons (Ossuary)
  3 goblin zombies (Ossuary)
  3 hobgoblin skeletons (Ossuary)
  8 hobgoblin zombies
  4 kobold skeletons (Ossuary)
  3 kobold zombies
  4 orc skeletons
  5 orc zombies
  3 rats
  3 rat skeletons (Ossuary)
  5 rat zombies (Ossuary)
191 creatures vanquished.

Vanquished Creatures (collateral kills)
  Ijyb (D:3)
  An ufetubus (D:4)
  An orc (D:3)
  An endoplasm (D:3)
  A hobgoblin (D:3)
  A bat (D:3)
  2 hobgoblin skeletons (Ossuary)
  A kobold skeleton (Ossuary)
  A rat (D:3)
  2 rat zombies (Ossuary)
12 creatures vanquished.

Vanquished Creatures (others)
  A ghoul (D:1)
  A vine stalker (D:1)
  A troll (D:1)
  A naga (D:1)
  A dwarf (D:1)
  2 ogres (D:1)
  A felid (D:1)
  An orc wizard (D:7)
  2 orcs (D:1)
  2 kobolds (D:1)
  A rat skeleton (Ossuary)
  50 plants
  4 tentacles (D:1)
68 creatures vanquished.

Grand Total: 271 creatures vanquished

Notes
Turn   | Place    | Note
-------+----------+-------------------------------------------
     0 | D:1      | HDogLeCool the Demonspawn Berserker began the quest for the
                  | Orb.
     0 | D:1      | Reached XP level 1. HP: 18/18 MP: 1/1
     0 | D:1      | Noticed an ogre
     0 | D:1      | Noticed a vine stalker
     0 | D:1      | Noticed a ghoul
     0 | D:1      | Noticed an ogre
     0 | D:1      | Noticed a felid
     0 | D:1      | Noticed a kraken
     0 | D:1      | Noticed a dwarf
     0 | D:1      | Noticed a naga
     0 | D:1      | Noticed a troll
    10 | D:1      | Killed a vine stalker
    11 | D:1      | Killed an ogre
    11 | D:1      | Killed a felid
    12 | D:1      | Killed an ogre
    13 | D:1      | Killed a dwarf
    14 | D:1      | Killed a ghoul
    14 | D:1      | Killed a troll
    16 | D:1      | Killed a naga
   112 | D:1      | Found a faded altar of an unknown god.
   461 | D:1      | Gained mutation: You are partially covered in rugged brown
                  | scales. (AC +1, +3% HP) [demonic ancestry]
   461 | D:1      | Reached XP level 2. HP: 18/24 MP: 2/2
   577 | D:1      | Noticed a felid
   600 | D:1      | Killed a felid
   601 | D:1      | Reached skill level 3 in Axes
   601 | D:1      | Gained mutation: Your demonic aura sometimes causes spilled
                  | blood to erupt in flames. [demonic ancestry]
   601 | D:1      | Reached XP level 3. HP: 24/30 MP: 3/3
   601 | D:1      | Reached XP level 4. HP: 30/38 MP: 4/4
  1313 | D:1      | Noticed a felid
  1327 | D:1      | Killed a felid
  1328 | D:1      | Gained mutation: A weak demonic guardian rushes to your
                  | aid. [demonic ancestry]
  1328 | D:1      | Reached XP level 5. HP: 43/43 MP: 5/5
  1503 | D:1      | Found a faded altar of an unknown god.
  2507 | D:2      | Noticed an ogre
  2562 | D:2      | Noticed Jessica
  2566 | D:2      | Killed Jessica
  2567 | D:2      | Reached skill level 4 in Axes
  2875 | D:3      | Found a transporter.
  2876 | D:3      | Noticed Terence
  2899 | D:3      | Killed Terence
  2901 | D:3      | Reached ** piety under Trog
  2931 | D:3      | Noticed Ijyb
  3135 | D:3      | Reached XP level 6. HP: 50/50 MP: 6/6
  3153 | D:3      | Found Poaptula's Antique Weapon Shop.
  3313 | D:3      | Found a transporter.
  3368 | D:3      | Killed Ijyb
  3782 | D:3      | Noticed yodipie's ghost (novice BaFi)
  4481 | D:4      | Reached skill level 1 in Shields
  4568 | D:4      | Noticed Menkaure
  4635 | D:4      | Upgraded the game from 0.27-a0-1317-gd1140b3 to
                  | 0.27-a0-1319-geec4fb4
  4802 | D:4      | Reached XP level 7. HP: 52/56 MP: 7/7
  5011 | D:4      | Reached skill level 5 in Fighting
  5223 | D:4      | Killed Menkaure
  5224 | D:4      | Reached skill level 5 in Axes
  5314 | D:4      | Found a snail-covered altar of Cheibriados.
  5589 | D:4      | Found a blossoming altar of Fedhas.
  5589 | D:4      | Found a broken altar of Ashenzari.
  5646 | D:4      | Noticed Sigmund
  5662 | D:4      | HP: 2/57 [something (8)]
  5968 | D:4      | Killed Sigmund
  5969 | D:4      | Gained mutation: You are mostly covered in rugged brown
                  | scales. (AC +2, +5% HP) [demonic ancestry]
  5969 | D:4      | Reached XP level 8. HP: 66/66 MP: 8/8
  6014 | D:5      | Entered Level 5 of the Dungeon
  6201 | D:4      | Found a basalt altar of Yredelemnul.
  6542 | D:5      | Noticed Edmund
  6776 | D:5      | Reached skill level 6 in Axes
  6779 | D:5      | Noticed Eustachio
  6837 | D:5      | Killed Eustachio
  6965 | D:5      | Found a staircase to the Ecumenical Temple.
  7317 | D:5      | Reached *** piety under Trog
  7319 | D:5      | Reached skill level 5 in Shields
  7395 | D:5      | Identified the +1 ring mail of Dice, Bag, and Bottle {rC-
                  | Regen+ Str+4}
  7690 | D:5      | Killed Edmund
  7691 | D:5      | Reached skill level 7 in Axes
  7865 | D:6      | Gained mutation: A demonic guardian rushes to your aid.
                  | [demonic ancestry]
  7865 | D:6      | Reached XP level 9. HP: 71/74 MP: 9/9
  7910 | D:6      | Identified the +6 quarterstaff of Roakkiuff {vorpal, rPois
                  | rC+ Will+ Str-3 SInv}
  7965 | D:6      | Found a sand-covered staircase.
  7974 | Ossuary  | Entered an ossuary
  8094 | Ossuary  | Reached **** piety under Trog
  8302 | Ossuary  | Reached ***** piety under Trog
  8551 | D:6      | Identified 2 scrolls of acquirement
  8551 | D:6      | Acquired the ring "Kacaoh" {Ice +Blink rElec Will+++ Str-3
                  | Int-3}
  9050 | D:7      | Identified the +10 dagger of Huejor {vorpal, *Slow Will+
                  | Str-2 Dex+8} (Trog gifted it to you on level 7 of the
                  | Dungeon)
  9050 | D:7      | Received a gift from Trog
  9110 | D:7      | Reached skill level 8 in Axes
  9517 | D:7      | Hit by a javelin thrown by an orc warrior

Illustrated notes

Levels and vault maps discovered:
D:1:      nicolae_arrival_kraken_aquarium_a, layout_basic,
          basic_ecumenical_altar
D:2:      cheibrodos_helix_gallery, layout_rooms, lightli_corner_chamber,
          uniq_jessica
D:3:      layout_loops_ring, gammafunk_ghost_stat_death, serial_shops, shop,
          kennysheep_generic_room_7, uniq_terence, uniq_ijyb
D:4:      layout_basic, cheibriados_altar_1, lemuel_zombie_altar_yredelemnul,
          grunt_temple_overflow_open, serial_rivers,
          chequers_serial_rivers_small_a, chequers_serial_rivers_micro_b,
          chequers_serial_rivers_large_b, chequers_serial_rivers_room_b,
          ebering_dispersal_statue_hall, chequers_big_river,
          minmay_fractal_squares_5, uniq_sigmund, uniq_menkaure
D:5:      layout_basic, minmay_temple_entry_tees,
          minmay_fractal_squares_gapless_5, uniq_eustachio, uniq_edmund
D:6:      layout_rooms, nicolae_ossuary_entry_catacombs
D:7:      cheibrodos_statue_roulette, layout_loops_ring,
          overflow_temple_1_default, serial_bayou, serial_bayou_lake_a,
          serial_bayou_pond_d, serial_bayou_pond_a, serial_bayou_ford_a,
          serial_bayou_shore_a, serial_bayou_pond_a, minmay_mini_ossuary

Skill      XL: |  1  2  3  4  5  6  7  8  9 |
---------------+----------------------------+-----
Axes           | 3 4 5 7 8 |  8.2
Armour         | 2 3 |  3.2
Dodging        | 2 |  2.7
Fighting       | 4 5 6 7 |  7.1
Shields        | 2 3 5 6 |  6.9

Action                   |  1- 3 |  4- 6 |  7- 9 || total
-------------------------+-------+-------+-------++-------
Melee: Hand axe          |    21 |   168 |    35 ||   224
       War axe           |       |       |   349 ||   349
Invok: Berserk           |     1 |     6 |    14 ||    21
       Trog's Hand       |       |       |     2 ||     2
  Use: Scroll            |       |       |    18 ||    18
Armor: Animal skin       |     4 |       |       ||     4
       Scale mail        |       |    73 |    41 ||   114
       Plate armour      |       |       |   102 ||   102
Dodge: Dodged            |    10 |    78 |    81 ||   169
Block: Kite shield       |       |    52 |   304 ||   356
       Reflection        |       |     1 |     4 ||     5

Table legend: (Time is in decaauts)
 A = Elapsed time spent in this place.
 B = Non-inter-level travel time spent in this place.
 C = Inter-level travel time spent in this place.
 D = Time resting spent in this place.
 E = Time spent auto-exploring this place.
 F = Levels seen in this place.
 G = Mean time per level.
                   A        B        C        D        E       F      G
               +--------+--------+--------+--------+--------+-----+--------+
         Total |   9960 |   9347 |    613 |   2204 |   5355 |   8 | 1245.0 |
       Dungeon |   9483 |   8870 |    613 |   2135 |   5164 |   7 | 1354.7 |
       Ossuary |    477 |    477 |      0 |     69 |    191 |   1 |  477.0 |
               +--------+--------+--------+--------+--------+-----+--------+

Top non-repeatable levels by time:
     D:4: 2542 daAuts
     D:1: 2451 daAuts
     D:3: 1319 daAuts
     D:5: 1064 daAuts
     D:2: 829 daAuts
     D:6: 704 daAuts
     D:7: 572 daAuts
 Ossuary: 477 daAuts
